Map: Thunderbird LE

Players

SpeCial - Winner!

  • Race: Terran Terran
  • League: Master
  • Spawn Location: 11:00

HuK

  • Race: Protoss Protoss
  • League: Grandmaster
  • Spawn Location: 5:00

Event: NationWars 2019

VOD

Have the link to the VOD?

Description

Time

  • Played on: Oct. 5, 2019, 2:37 p.m.
  • Length: 8:57

All games in this series

Show
View Real Time Build Order
Export as new Build Order

SpeCial Terran - Winner!

Build Orders: Reaper Expand 

Get SALT Encoding   

  12  0:01  SCV  
  13  0:13  SCV  
  14  0:18  Supply Depot  
  14  0:25  SCV  
  15  0:39  SCV  
  15  0:41  Barracks  
  16  0:45  Refinery  
  16  0:51  SCV  
  17  1:03  SCV  
  18  1:15  SCV  
  19  1:28  Orbital Command  
  19  1:29  Reaper  
  20  1:39  Command Center  
  20  1:48  Supply Depot  
  20  1:55  SCV  
  20  2:01  Marine  
  22  2:07  SCV  
  23  2:09  Factory  
  23  2:18  Bunker  
  23  2:20  SCV  
  24  2:23  Barracks Reactor  
  24  2:30  Refinery  
  24  2:33  SCV  
  25  2:45  SCV  
  26  2:54  Orbital Command  
  26  2:57  SCV  
  26  2:58  Marine, Widow Mine  
  29  2:59  Marine  
  29  3:03  Starport  
  31  3:09  SCV  
  32  3:18  Marine x2  
  34  3:21  Factory Tech Lab, SCV x2  
  36  3:33  SCV x2, Supply Depot  
  38  3:43  Marine x2  
  38  3:45  Raven, SCV x2  
  44  3:49  Barracks  
  44  3:50  Factory Tech Lab  
  44  3:57  SCV x2  
  44  4:01  Marine x2  
  47  4:05  Supply Depot  
  47  4:09  SCV  
  48  4:10  SCV  
  48  4:12  Siege Tank  
  48  4:14  Supply Depot  
  52  4:21  SCV  
  52  4:22  SCV  
  52  4:23  Supply Depot  
  54  4:26  Marine x2  
  54  4:29  Supply Depot  
  56  4:33  SCV  
  56  4:34  SCV  
  56  4:36  Viking  
  60  4:46  SCV x2  
  60  4:47  Marine x3  
  65  4:55  Siege Tank  
  65  4:58  SCV  
  65  4:59  SCV  
  70  5:05  Marine x3, Refinery  
  73  5:10  SCV  
  72  5:17  Starport Reactor  
  72  5:19  SCV  
  72  5:23  Stimpack, Marine x3  
  72  5:25  SCV  
  76  5:31  SCV  
  76  5:33  Engineering Bay  
  76  5:35  Factory Reactor  
  77  5:39  SCV  
  77  5:41  Marine  
  77  5:42  Marine  
  80  5:43  Barracks  
  80  5:44  Marine  
  80  5:47  SCV  
  82  5:54  Refinery  
  82  5:55  Medivac  
  82  5:56  Supply Depot  
  84  5:58  Marine  
  84  6:00  Marine  
  86  6:06  Terran Infantry Weapons Level 1  
  86  6:07  Supply Depot  
  86  6:13  Supply Depot  
  86  6:18  SCV  
  87  6:19  Marine x2  
  87  6:20  Marauder  
  87  6:22  Supply Depot  
  87  6:23  SCV  
  87  6:25  Missile Turret  
  92  6:26  Widow Mine  
  92  6:29  Widow Mine  
  92  6:30  SCV  
  97  6:33  Medivac x2  
  97  6:39  Supply Depot  
  101  6:40  Supply Depot  
  101  6:42  SCV x2  
  101  6:44  Combat Shield  
  101  6:46  Marine x2  
  105  6:49  Marauder x2  
  109  7:01  Widow Mine x2  
  113  7:04  Medivac, Marine x2  
  113  7:06  Medivac  
  119  7:09  Supply Depot x2  
  119  7:10  Marauder x2  
  123  7:18  Command Center  
  123  7:22  Concussive Shells  
  121  7:26  SCV x2  
  121  7:28  Marine x2  
  124  7:32  Marauder x2  
  128  7:38  SCV x2  
  130  7:50  SCV, Marine  
  123  7:52  Widow Mine x2  
  123  7:53  Medivac, Marauder  
  123  7:57  Marine  
  123  7:58  Marauder  
  118  7:59  SCV  
  119  8:08  Marine  
  119  8:09  Barracks  
  119  8:10  Barracks  
  120  8:14  Marauder  
  120  8:15  Marine  
  120  8:17  SCV  
  120  8:19  Marauder  
  120  8:26  Marine  
  121  8:29  SCV x2  
  121  8:33  Marine  
  121  8:34  Widow Mine  
Show
View Real Time Build Order
Export as new Build Order

HuK Protoss 

Build Orders: Oracle Opening 

Get SALT Encoding   

  12  0:01  Probe  
  13  0:13  Probe  
  14  0:17  Pylon  
  14  0:25  Probe (Chrono Boost)  
  16  0:37  Probe (Chrono Boost)  
  16  0:38  Gateway  
  16  0:42  Probe (Chrono Boost)  
  16  0:47  Assimilator  
  17  0:52  Probe  
  18  1:04  Probe  
  19  1:17  Probe  
  20  1:20  Assimilator  
  20  1:29  Probe  
  20  1:30  Cybernetics Core  
  21  1:39  Pylon  
  21  1:41  Probe  
  22  1:53  Probe  
  23  2:00  Nexus  
  23  2:03  Adept (Chrono Boost)  
  25  2:13  Stargate  
  25  2:16  Probe  
  26  2:23  Adept (Chrono Boost)  
  26  2:28  Probe  
  26  2:29  Warp Gate  
  28  2:40  Probe  
  29  3:01  Oracle (Chrono Boost)  
  31  3:11  Probe  
  31  3:12  Probe  
  33  3:14  Adept, Gateway  
  33  3:15  Gateway  
  35  3:24  Probe x2  
  37  3:28  Pylon  
  37  3:35  Oracle (Chrono Boost)  
  37  3:36  Probe  
  37  3:39  Probe  
  42  3:48  Probe  
  43  3:54  Probe  
  44  3:58  Pylon  
  44  4:01  Probe  
  45  4:03  Oracle (Chrono Boost)  
  45  4:06  Probe  
  50  4:17  Adept x2  
  50  4:18  Adept  
  57  4:25  Pylon  
  55  4:38  Adept x3  
  55  4:41  Probe  
  55  4:43  Probe (Chrono Boost)  
  63  4:50  Pylon  
  63  4:51  Twilight Council  
  63  4:53  Probe (Chrono Boost)  
  65  5:01  Probe (Chrono Boost)  
  65  5:04  Probe (Chrono Boost)  
  66  5:08  Probe (Chrono Boost)  
  66  5:09  Probe (Chrono Boost)  
  65  5:20  Probe x2  
  64  5:21  Robotics Facility  
  64  5:24  Assimilator  
  64  5:25  Nexus  
  64  5:31  Blink (Chrono Boost)  
  64  5:32  Probe  
  64  5:34  Probe  
  66  5:38  Forge  
  66  5:44  Probe  
  66  5:46  Probe  
  68  5:50  Pylon  
  68  5:54  Gateway  
  68  5:56  Probe, Gateway  
  69  5:58  Probe  
  69  6:00  Assimilator  
  70  6:05  Immortal (Chrono Boost)  
  70  6:08  Probe, Sentry  
  70  6:10  Protoss Ground Weapons Level 1 (Chrono Boost), Probe  
  78  6:19  Pylon  
  78  6:21  Photon Cannon  
  78  6:23  Probe  
  80  6:31  Stalker x2  
  83  6:33  Stalker  
  83  6:37  Probe  
  83  6:38  Warp Prism (Chrono Boost)  
  89  6:52  Gateway  
  89  6:53  Gateway  
  88  6:59  Probe  
  88  7:00  Robotics Bay  
  89  7:01  Probe  
  89  7:05  Immortal (Chrono Boost)  
  94  7:10  Stalker  
  94  7:15  Stalker x2  
  100  7:20  Stalker  
  102  7:32  Stalker  
  102  7:33  Stalker  
  102  7:36  Pylon  
  106  7:37  Pylon  
  106  7:45  Sentry x2  
  94  7:54  Adept  
  94  7:55  Adept x3  
  82  7:59  Adept  
  82  8:03  Gateway  
  82  8:05  Gateway  
  80  8:08  Adept x2  
  66  8:20  Adept x4  
  66  8:25  Probe x2  
  66  8:26  Probe  
Tags
 
Add a new tag
Caveats
  • Supply blocks, unpowered buildings, or Contaminate may cause inaccurate times.
  • Supply counts are checked every 10 seconds.